 Dungeon Crawl Stone Soup version 0.30-a0-782-ge64f9170bb (webtiles) character file.

Game seed: 6150624737777089572

18 Jossarian the Poker (level 2, 0/1 (26) HPs)
             Began as a Gnoll Reaver on Feb 20, 2023.
             Constricted to death by a ball python (1 damage)
             ... on level 1 of the Dungeon.
             The game lasted 00:09:43 (1725 turns).

Jossarian the Poker (Gnoll Reaver)                  Turns: 1725, Time: 00:09:43

HP:   0/1 (26)      AC:  5    Str: 11    XL:     2   Next: 66%
MP:   7/7           EV:  8    Int: 12    God:
Gold: 51            SH:  0    Dex: 10    Spells: 9/10 levels left

rFire   . . .      SeeInvis .    a - +0 spear
rCold   . . .      Faith    .    (no shield)
rNeg    . . .      Spirit   .    e - +0 ring mail
rPois   .          Reflect  .    (no helmet)
rElec   .          Harm     .    (no cloak)
rCorr   .          Rampage  .    (no gloves)
Will    .....                    (no boots)
Stlth   +                        (no amulet)
HPRegen 0.20/turn                (no ring)
MPRegen 0.10/turn                (no ring)

@: constricted, extremely drained
A: fangs 1, strong nose, distributed training
a: no special abilities


You were on level 1 of the Dungeon.
You visited 1 branch of the dungeon, and saw 1 of its levels.

You collected 51 gold pieces.

Inventory:

Hand Weapons
 a - a +0 spear (weapon)
 g - a +0 dagger of draining
Missiles
 d - 19 stones
 i - 5 boomerangs (quivered)
Armour
 b - a +0 leather armour
 e - a +0 ring mail (worn)
Scrolls
 h - a scroll of immolation {unknown}
Potions
 c - 2 potions of curing {unknown}
 f - a potion of flight {unknown}


   Skills:
 + Level 4.5 Fighting
 + Level 0.5 Short Blades
 + Level 0.5 Long Blades
 + Level 0.5 Axes
 + Level 0.5 Maces & Flails
 + Level 6.5 Polearms
 + Level 0.5 Staves
 + Level 0.5 Ranged Weapons
 + Level 0.5 Throwing
 + Level 0.5 Armour
 + Level 4.5 Dodging
 + Level 0.5 Stealth
 + Level 0.5 Shields
 + Level 0.5 Unarmed Combat
 + Level 4.9 Spellcasting
 + Level 5.3 Conjurations
 + Level 0.3 Hexes
 + Level 0.3 Summonings
 + Level 0.3 Necromancy
 + Level 0.3 Translocations
 + Level 0.3 Transmutations
 + Level 0.3 Fire Magic
 + Level 0.3 Ice Magic
 + Level 0.3 Air Magic
 + Level 0.3 Earth Magic
 + Level 0.3 Poison Magic
 + Level 0.6 Invocations
 + Level 0.5 Evocations


You had 9 spell levels left.
You knew the following spells:

 Your Spells              Type           Power      Damage    Failure   Level
a - Kiss of Death         Conj/Necr      36%        2d8       16%         1

Your spell library contained the following spells:

 Spells                   Type           Power      Damage    Failure   Level
 Momentum Strike          Conj/Tloc      18%        3d8       22%         2
 Hailstorm                Conj/Ice       9%         3d4       41%         3


Dungeon Overview and Level Annotations

Branches:
Dungeon (1/15)

Altars:


Innate Abilities, Weirdness & Mutations

You have very sharp teeth.
Your uncanny sense of smell can sniff out nearby items.
Your experience applies equally to all skills.


Message History

The negative energy hits the endoplasm!
The endoplasm is drained!
You kill the endoplasm!
You feel drained.
A giant cockroach comes into view.
Throw: 5 boomerangs
Press: ? - help, Q - select action, (/) - cycle Shift-Dir - straight line, f - giant cockroach
Aim: a giant cockroach (57% to hit)
You throw a boomerang. The boomerang hits the giant cockroach.
The giant cockroach is moderately wounded.
Throw: 5 boomerangs
Press: ? - help, Q - select action, (/) - cycle Shift-Dir - straight line, f/p - giant cockroach
Aim: a giant cockroach (moderately wounded, 57% to hit)
You throw a boomerang. The boomerang hits the giant cockroach.
You kill the giant cockroach!
Found a scroll labelled XAROGR OJOCU.
Found a leather armour.
A ball python comes into view.
Found a stone staircase leading down.
The ball python hisses angrily.
Throw: 5 boomerangs
Press: ? - help, Q - select action, (/) - cycle Shift-Dir - straight line, f - ball python
Aim: a ball python (53% to hit)
You throw a boomerang.
The boomerang closely misses the ball python.
The ball python barely misses you. x2
You hit the ball python.
You bite the ball python, but do no damage.
The ball python is moderately wounded.
The ball python bites you but does no damage.
The ball python grabs you. The ball python constricts you.
You barely miss the ball python.
The ball python is moderately wounded.
The ball python closely misses you. The ball python constricts you.
You hit the ball python but do no damage.
The ball python completely misses you. The ball python constricts you.
You closely miss the ball python.
You bite the ball python, but do no damage.
The ball python closely misses you. The ball python constricts you.
Ouch! That really hurt!
You die...

........##..........<
..###...##.#.........
###.....#########
####..# ♣♣♣PPP #
#######..#


♣PPP #. ......†..# P.♣PP #. #######..# PP.♣PP #..########..# P..PPPP
#[.?S@.......# PP P.♣P #..########..# #> ##.# # .# ## You could see a ball
python.

Vanquished Creatures
  2 bats (D:1)
  4 endoplasms (D:1)
  A giant cockroach (D:1)
  2 goblins (D:1)
  A kobold (D:1)
  A ball python (D:1)
  2 frilled lizards (D:1)
  4 rats (D:1)
17 creatures vanquished.

Notes
Turn   | Place    | Note
-------+----------+-------------------------------------------
     0 | D:1      | Jossarian the Gnoll Reaver began the quest for the Orb.
     0 | D:1      | Reached XP level 1. HP: 20/20 MP: 6/6
    20 | D:1      | Found a faded altar of an unknown god.
    73 | D:1      | Reached XP level 2. HP: 7/7 MP: 3/7
  1725 | D:1      | Constricted to death by a ball python

Illustrated notes

Levels and vault maps discovered:
D:1:      minmay_arrival_arboretum_large, layout_loops_ring,
          hellmonk_ecumenical_altar_run_dry, serial_shops,
          nicolae_shop_temple_entry_statues_fountains, minmay_door_square

Action                     || total
---------------------------++-------
  Melee: Spear             ||     5
         Bite              ||     2
  Throw: Boomerang         ||     5
   Cast: Kiss of Death     ||    16
 Armour: Leather armour    ||     3
         Ring mail         ||     5
  Dodge: Dodged            ||    13

Table legend: (Time is in decaauts)
 A = Elapsed time spent in this place.
 B = Non-inter-level travel time spent in this place.
 C = Inter-level travel time spent in this place.
 D = Time resting spent in this place.
 E = Time spent auto-exploring this place.
 F = Levels seen in this place.
 G = Mean time per level.
                   A        B        C        D        E       F      G
               +--------+--------+--------+--------+--------+-----+--------+
         Total |   1725 |   1418 |    307 |   1274 |      0 |   1 | 1725.0 |
       Dungeon |   1725 |   1418 |    307 |   1274 |      0 |   1 | 1725.0 |
               +--------+--------+--------+--------+--------+-----+--------+

Top non-repeatable levels by time:
     D:1: 1725 daAuts
